 Dungeon Crawl Stone Soup version 0.32-a0-675-gdc239d62e1 (webtiles) character file.

Game seed: 2618132543394825797

361022 Implojin the Swashbuckler (level 22, -11/175 HPs)
             Began as a Coglin Delver on Mar 12, 2024.
             Was the Champion of Okawaru.
             Mangled by a +4 vampiric glaive (36 damage)
             ... on level 1 of the Elven Halls.
             The game lasted 01:45:31 (39969 turns).

Implojin the Swashbuckler (Coglin Delver)          Turns: 39969, Time: 01:45:31

Health: -11/175    AC: 15    Str: 19    XL:     22   Next: 44%
Magic:  37/37      EV: 33    Int:  8    God:    Okawaru [******]
Gold:   2416       SH:  0    Dex: 33    Spells: 21/21 levels left

rFire   + + .        b - +9 dagger of the Reaper {elec, rPois rCorr Dex+2}
rCold   + . .        R - +7 quick blade "Xurghydwesof" {heavy, rF+ Will+ Str+3}
rNeg    . . .        N - +3 leather armour of the Midnight Sun {^Contam Rampage Regen+ SInv}
rPois   +            U - +0 hat of Foolhardiness {Will+ Int+2}
rElec   .            S - scarf of Ytse {+Inv, MP+9 Str+2 Int-3 Dex+5}
rCorr   +            Q - +5 pair of gloves "Janoc" {*Corrode rPois Regen+}
SInv    +            o - +2 pair of boots {rampage}
Will    ++++.        (amulet unavailable)
Stlth   ++++++       (ring unavailable)
HPRegen 2.09/turn    (ring unavailable)
MPRegen 0.25/turn    X - dynamic compensator {rF+ rC+ Clar RMsl}

%: corrode self (3%), repel missiles, clarity, rampage
@: corroded, enlightened, flying, revved
A: off-hand wielding, slow wielding, warmup strikes, no jewellery
}: 2/15 runes: decaying, serpentine
a: Renounce Religion, Evoke Invisibility, Heroism, Finesse, Duel


You were on level 1 of the Elven Halls.
You worshipped Okawaru.
Okawaru was exalted by your worship.
You visited 7 branches of the dungeon, and saw 35 of its levels.
You also visited: Sewer, Bailey, Gauntlet and Ice Cave.

You collected 3492 gold pieces.
You spent 1076 gold pieces at shops.

Inventory:

Hand Weapons
 b - the +9 dagger of the Reaper (weapon) {elec, rPois rCorr Dex+2}
   (You found it on level 2 of the Dungeon)

   Dex+2:     It affects your dexterity (+2).
   rPois:     It protects you from poison.
   rCorr:     It protects you from acid and corrosion.
 y - a +5 demon blade
 A - a +2 antimagic rapier
 I - a +1 rapier of speed
 R - the +7 quick blade "Xurghydwesof" (offhand) {heavy, rF+ Will+ Str+3}
   (Okawaru gifted it to you on level 12 of the Dungeon)

   Str+3:     It affects your strength (+3).
   rF+:       It protects you from fire.
   Will+:     It increases your willpower.
Missiles
 t - 20 atropa-tipped darts (quivered)
 u - a dart of dispersal
 F - 9 curare-tipped darts
 J - 21 boomerangs
 L - 16 javelins
 W - 17 datura-tipped darts
 Y - 17 silver javelins
Armour
 g - a +2 robe of resistance
 o - a +2 pair of boots of rampaging (worn)
 s - a +1 plate armour of cold resistance
 v - +0 swamp dragon scales
 C - +0 steam dragon scales
 K - a +4 ring mail of cold resistance
 N - the +3 leather armour of the Midnight Sun (worn) {^Contam Rampage Regen+ SInv}
   (You found it on level 4 of the Lair of Beasts)

   SInv:      It lets you see invisible.
   ^Contam:   It causes magical contamination when unequipped.
   Regen+:    It increases your rate of health regeneration.
   Rampage:   It bestows one free step when moving towards enemies.
 Q - the +5 pair of gloves "Janoc" (worn) {*Corrode rPois Regen+}
   (You found it in a Gauntlet)

   rPois:     It protects you from poison.
   Regen+:    It increases your rate of health regeneration.
   *Corrode:  It may corrode you when you take damage.
 S - the scarf of Ytse (worn) {+Inv, MP+9 Str+2 Int-3 Dex+5}
   (Okawaru gifted it to you on level 12 of the Dungeon)

   Str+2:     It affects your strength (+2).
   Int-3:     It affects your intelligence (-3).
   Dex+5:     It affects your dexterity (+5).
   MP+9:      It affects your magic capacity (+9).
 U - the +0 hat of Foolhardiness (worn) {Will+ Int+2}
   (You found it on level 12 of the Dungeon)

   Int+2:     It affects your intelligence (+2).
   Will+:     It increases your willpower.
Gizmo
 X - a dynamic compensator (installed) {rF+ rC+ Clar RMsl}
   (You invented it yourself on level 15 of the Dungeon)

   [dynamic compensator]

   rF+:       It protects you from fire.
   rC+:       It protects you from cold.
   Clar:      It protects you from confusion, rage, mesmerisation and fear.
   RMsl:      It protects you from missiles.
Wands
 i - a wand of mindburst (8)
 w - a wand of paralysis (34)
 G - a wand of roots (34)
Scrolls
 c - 4 scrolls of fog
 d - 7 scrolls of immolation
 e - 2 scrolls of fear
 f - 2 scrolls of blinking
 m - 7 scrolls of teleportation
 E - 3 scrolls of silence
 H - 3 scrolls of enchant weapon
 O - 5 scrolls of poison
 P - 4 scrolls of revelation
 T - 4 scrolls of enchant armour
 Z - 4 scrolls of vulnerability
Potions
 a - 6 potions of haste
 h - 4 potions of heal wounds
 k - 4 potions of resistance
 l - 9 potions of cancellation
 p - 4 potions of might
 q - 12 potions of curing
 r - 3 potions of invisibility
 x - 5 potions of attraction
 B - 4 potions of magic
 D - 9 potions of mutation
 M - 2 potions of enlightenment
Miscellaneous
 j - a phial of floods
 n - a condenser vane
 z - a lightning rod (4/4)


   Skills:
 - Level 15.0 Fighting
 - Level 18.0 Short Blades
 - Level 12.0 Throwing
 * Level 11.8 Armour
 - Level 17.0 Dodging
 - Level 12.6 Stealth
 - Level 9.0 Invocations
 - Level 13.0 Evocations


You had 21 spell levels left.
You didn't know any spells.
Your spell library contained the following spells:

 Spells                   Type           Power      Damage    Failure   Level
 Foxfire                  Conj/Fire      0%         2x1d4     43%         1
 Freeze                   Ice            0%         1d3       43%         1
 Kiss of Death            Conj/Necr      0%         2d5       43%         1
 Magic Dart               Conj           0%         1d3       43%         1
 Necrotise                Necr           0%         1d4       43%         1
 Sandblast                Erth           0%         2d4       43%         1
 Shock                    Conj/Air       0%         1d3       43%         1
 Blink                    Tloc           0%         N/A       58%         2
 Cigotuvi's Dreadful Rot  Necr/Alch/Air  0%         N/A       58%         2
 Ensorcelled Hibernation  Hex/Ice        0%         N/A       58%         2
 Jinxbite                 Hex            0%         N/A       58%         2
 Lesser Beckoning         Tloc           0%         N/A       58%         2
 Momentum Strike          Conj/Tloc      0%         3d8       58%         2
 Scorch                   Fire           0%         2d5       58%         2
 Searing Ray              Conj           0%         2d4       58%         2
 Sublimation of Blood     Necr           0%         N/A       58%         2
 Confusing Touch          Hex            0%         N/A       82%         3
 Dazzling Flash           Conj/Hex       0%         N/A       82%         3
 Frozen Ramparts          Ice            0%         1d1       82%         3
 Fugue of the Fallen      Necr           0%         N/A       82%         3
 Gell's Gravitas          Tloc           0%         N/A       82%         3
 Hailstorm                Conj/Ice       0%         3d5       82%         3
 Inner Flame              Hex/Fire       0%         N/A       82%         3
 Mephitic Cloud           Conj/Alch/Air  0%         N/A       82%         3
 Passwall                 Erth           0%         N/A       82%         3
 Stone Arrow              Conj/Erth      0%         3d7       82%         3
 Swiftness                Air            0%         N/A       82%         3
 Teleport Other           Tloc           0%         N/A       82%         3
 Airstrike                Air            0%         2d(0-16)  99%         4
 Anguish                  Hex/Necr       0%         N/A       99%         4
 Brom's Barrelling Bould  Conj/Erth      0%         2d3       99%         4
 Dispel Undead            Necr           0%         3d6       99%         4
 Flame Wave               Conj/Fire      0%         2d4       99%         4
 Fulminant Prism          Conj/Alch      0%         3d5       99%         4
 Ignite Poison            Fire/Alch      0%         N/A       99%         4
 Petrify                  Alch/Erth      0%         N/A       99%         4
 Sticky Flame             Fire/Alch      0%         2d4       99%         4
 Vhi's Electric Charge    Tloc/Air       0%         N/A       99%         4
 Curse of Agony           Necr           0%         N/A       100%        5
 Freezing Cloud           Conj/Ice/Air   0%         6-21      100%        5
 Irradiate                Conj/Alch      0%         3d11      100%        5
 Silence                  Hex/Air        0%         N/A       100%        5
 Yara's Violent Unravell  Hex/Alch       0%         3d3       100%        5
 Conjure Ball Lightning   Conj/Air       0%         3x3d6     100%        6
 Enfeeble                 Hex            0%         N/A       100%        7
 Borgnjor's Revivificati  Necr           0%         N/A       100%        8
 Lehudib's Crystal Spear  Conj/Erth      0%         10d2      100%        8
 Death's Door             Necr           0%         N/A       100%        9
 Call Imp                 Summ           Unusable   N/A       N/A         2
 Summon Ice Beast         Ice/Summ       Unusable   N/A       N/A         3
 Animate Armour           Summ/Erth      Unusable   N/A       N/A         4
 Sculpt Simulacrum        Ice/Alch       Unusable   N/A       N/A         6
 Summon Cactus Giant      Summ           Unusable   N/A       N/A         6
 Haunt                    Necr/Summ      Unusable   N/A       N/A         7

Dungeon Overview and Level Annotations

Branches:
Dungeon (15/15)            Temple (0/1) D:6            Lair (5/5) D:8
  Swamp (4/4) Lair:2        Snake (4/4) Lair:3        Slime (0/5) Lair:5
    Orc (2/2) D:12            Elf (1/3) Orc:2        Vaults (4/5) D:13
  Crypt (0/3) Vaults:3     Depths (0/4) D:15          Sewer (visited)
 Bailey (visited)           IceCv (visited)         Gauntlet (visited)

Altars:
Cheibriados
Dithmenos
Elyvilon
Fedhas
Gozag
Kikubaaqudgha
Makhleb
Okawaru
Trog
Xom
Zin
The Shining One
Beogh
Jiyva
Lugonu

Shops:
D:1 *   D:6 :   D:14 (   Orc:2 (*[:   Snake:3 [   Vaults:1 :   Vaults:2 (

Portals:
Abyss: Lair:5

Annotations:
D:14 1 runed translucent door, exclusion: door, Ucadoall's ghost, journeyman BaHu


Innate Abilities, Weirdness & Mutations

You can wield a second weapon in your off-hand.
It takes a long time for you to wield or remove held weapons.
Your first few attacks do less damage.
You cannot equip rings or amulets.


Message History

You hit the +2 heavy dire flail with the +9 dagger of the Reaper.
The +2 heavy dire flail is lightly damaged.
You miss the +2 heavy dire flail with the +7 quick blade "Xurghydwesof".
You closely miss the +2 heavy dire flail with the +7 quick blade "Xurghydwesof".
The +2 heavy dire flail is lightly damaged.
The +2 heavy dire flail completely misses you.
The +2 halberd of flaming misses you.
The deep elf archer shoots an arrow.
The arrow completely misses you. The +4 vampiric glaive misses you.
You hit the +2 heavy dire flail with the +7 quick blade "Xurghydwesof".
You puncture the +2 heavy dire flail with the +7 quick blade "Xurghydwesof"!
The +2 heavy dire flail is heavily damaged.
You puncture the +2 heavy dire flail with the +9 dagger of the Reaper!
The +2 halberd of flaming hits you from afar.
* * * LOW HITPOINT WARNING * * *
Your corrosive artefact corrodes you!
The +2 heavy dire flail completely misses you.
The deep elf archer shoots an arrow.
The arrow hits you.
* * * LOW HITPOINT WARNING * * *
The deep elf archer gestures wildly while chanting.
The deep elf archer blinks!
Unknown command.
You hit the +2 heavy dire flail with the +9 dagger of the Reaper.
The +2 heavy dire flail is almost destroyed.
You hit the +2 heavy dire flail with the +7 quick blade "Xurghydwesof".
The +2 heavy dire flail falls from the air.
Okawaru accepts your kill.
The +4 vampiric glaive hits you from afar!!
* * * LOW HITPOINT WARNING * * *
The +2 halberd of flaming misses you.
Unknown command.
Aiming: Duel (19% risk of failure)
Press: ? - help, Dir - move target, f - orc high priest
Aim: an orc high priest, wielding a +0 glaive and wearing a +0 scale mail You fail to use your ability.
The +2 halberd of flaming hits you from afar!
* * * LOW HITPOINT WARNING * * *
The +2 halberd of flaming burns you.
* * * LOW HITPOINT WARNING * * *
The +4 vampiric glaive hits you from afar!!!
You die...

,,,,,***,,,*,,,,,*,,,,,,,* #..#
,,,,,,**,,>*,,,,,*,,,,,,,*###..##
,,,,,,,*,,.#****+**+*****##......
,,,,,,,*,,,',,,,,,,,,#,.,#.......
,,,,,,,**#*#.,,,,,,,.#.?,#....##.
,,,,,,,*,..#..*****..'.),##.####.
,,,,,,,*,..'..#####E.#****#.# #.
*,,,,,,*,,,#e.($..(e.#o.,*#.# ##+
*++*****,,,#...)@$eE.ee.,*#.###..
*,,* *,,,#####'#####e.,##.##...
*,,*****,,,#ß≈≈≈≈≈≈≈ß#,,,#...+...
*,,,,,,*,,,#≈≈≈≈≈≈≈≈≈#,,,#...+...
*,******,,,#~e~~~~~~~#,,,##.##.).
*,* **###.........#**###.###..
*+***** #.e.#.......#,*#.#.# ##.
,,,,,,*###..###.....##,*#.#.###..
,,,,,,,+....# ##...###,*#.#.##...


You could see an orc high priest, 5 deep elf archers, a deep elf knight
(invisible), 2 earth elementals, a deep elf pyromancer, a deep elf zephyrmancer
and 2 dancing weapons.

Vanquished Creatures
  Frederick (Vaults:2)
  Xtahua (Vaults:3)
  Sojobo (Vaults:3)
  Saint Roka (Vaults:2)
  Norris (Vaults:3)
  Rupert (D:15)
  3 tentacled monstrosities (Swamp:4)
  Mlioglotl (Snake:4)
  2 titans
  5 sphinxes
  2 thorn hunters
  Aizul (Snake:2)
  Frances (Snake:2)
  3 tengu reavers (Vaults:3)
  3 fenstrider witches (Swamp:4)
  Donald (Swamp:1)
  6 nagarajas
  Roxanne (D:15)
  11 vault wardens
  2 orc warlords
  A ghoul (Swamp:4)
  15 ironbound preservers
  An angel (Vaults:4)
  2 formless jellyfish
  2 eleionomae
  9 ironbound thunderhulks
  3 war gargoyles
  2 deep elf death magi
  2 minotaurs
  6 bunyips
  13 dire elephants
  2 blizzard demons (IceCv)
  An entropy weaver (Vaults:2)
  An ettin (Vaults:3)
  2 crystal guardians
  2 shambling mangroves
  3 yaktaur captains
  A deep elf high priest (Vaults:2)
  Fannar (Lair:2)
  4 great orbs of eyes
  10 hydras
  7 vault guards
  A spriggan air mage (Swamp:4)
  2 hell beasts (Swamp:4)
  5 peacekeepers
  A catoblepas (Lair:3)
  8 alligators
  2 ghost crabs
  3 ogre magi
  8 ironbound frosthearts
  12 anacondas
  18 centaur warriors
  11 two-headed ogres
  4 dancing weapons (Elf:1)
  7 boulder beetles
  16 death yaks
  10 shock serpents
  2 tengu warriors (D:15)
  3 thrashing horrors (Lair:5)
  15 naga warriors
  3 orc high priests
  2 occultists
  13 naga sharpshooters
  A soul eater (Vaults:3)
  3 deep elf knights (Elf:1)
  A sixfirhy (Swamp:4)
  Amaemon (Lair:2)
  Nergalle (Lair:2)
  6 skeletal warriors
  2 goliath frogs (Swamp:2)
  An orb spider (shapeshifter) (D:15)
  5 skysharks
  40 deep trolls
  3 salamander mystics
  16 mana vipers
  6 bog bodies
  6 spriggan druids
  4 swamp dragons
  3 phantasmal warriors
  12 arcanists
  A deep elf archer (Elf:1)
  A glowing orange brain (Vaults:4)
  12 orc knights
  An obsidian statue (IceCv)
  10 naga ritualists
  An orange crystal statue (Gauntlet)
  6 spriggan simulacra
  11 ironbound convokers
  7 deep elf pyromancers
  7 deep elf zephyrmancers
  2 thermic dynamos (Elf:1)
  13 lindwurms
  A wolf spider (D:15)
  A necromancer (Vaults:4)
  3 large abominations (Lair:5)
  6 orc sorcerers
  5 cyclopes
  33 ugly things
  2 will-o-the-wisps (Swamp:4)
  2 manticores
  36 black mambas
  10 salamanders
  14 slime creatures
  7 elephants
  A kobold blastminer (Orc:1)
  10 guardian serpents
  16 naga magi
  4 gargoyles
  22 vault sentinels
  A torpor snail (Lair:5)
  Maggie (D:6)
  5 smoke demons
  2 cane toads (shapeshifter) (Lair:5)
  5 orange demons
  13 cane toads
  A yaktaur (shapeshifter) (Lair:5)
  5 rime drakes
  2 golden dragon simulacra (IceCv)
  3 anaconda simulacra (IceCv)
  An efreet (D:14)
  14 yaktaurs
  A tengu conjurer (D:15)
  10 ice devils (IceCv)
  7 komodo dragons
  A freezing wraith (IceCv)
  7 trolls
  A bloated husk (Swamp:3)
  10 tyrant leeches
  5 polar bears (Lair:1)
  22 blink frogs
  4 hornets
  Prince Ribbit (D:9)
  2 alligator simulacra
  5 hellwings (Swamp:4)
  3 raiju (Lair:5)
  6 dream sheep (Lair:5)
  An air elemental (Elf:1)
  A centaur simulacrum (D:15)
  2 shadows (D:10)
  7 spriggans
  5 wyverns
  4 dire elephant simulacra
  35 yaks
  2 wraiths
  3 vampires
  A warg (Orc:2)
  Grum (D:10)
  7 basilisks
  A redback (Vaults:2)
  2 chaos spawn
  19 vampire mosquitoes
  13 swamp worms
  10 minotaur simulacra (IceCv)
  5 harpy simulacra
  2 acid dragons
  15 water moccasins
  3 hydra simulacra (IceCv)
  43 nagas
  3 black bears
  3 sky beasts
  5 ice beasts
  23 orc warriors
  An ettin simulacrum (IceCv)
  3 laughing skulls (Gauntlet)
  19 wolves
  8 boggarts
  12 ogres
  17 centaurs
  A centaur (shapeshifter) (D:15)
  A phantom (D:7)
  5 kobold brigands
  9 bullfrogs
  10 small abominations (Lair:5)
  An earth elemental (Elf:1)
  3 gnoll sergeants
  3 scorpions
  14 deep troll simulacra
  5 wights (D:7)
  3 killer bees (D:9)
  2 lindwurm simulacra
  10 howler monkeys
  6 electric eels
  2 jellies
  A bombardier beetle (D:7)
  13 orc priests
  3 hounds
  Jessica (D:3)
  8 hell rats
  3 iguanas
  17 orc wizards
  21 gnolls
  9 adders
  3 river rats (Sewer)
  3 shadow imps
  3 white imps
  The ghost of gosagan the Sneak, a weakling HuDe (D:5)
  2 ribbon worms
  76 orcs
  10 endoplasms
  7 giant cockroaches
  7 goblins
  9 hobgoblins
  4 jackals (D:1)
  5 quokkas
  3 training dummies (D:14)
  3 ball pythons
  6 bats
  2 frilled lizards
  17 kobolds
  15 rats
1381 creatures vanquished.

Vanquished Creatures (others)
  An alligator (Swamp:3)
  A deep troll (Vaults:3)
  A bloated husk (Swamp:1)
  An air elemental (Elf:1)
  2 vampire mosquitoes (Swamp:1)
  A swamp worm (Swamp:4)
  A naga (Snake:2)
  2 orc priests (Orc:2)
  An orc (Orc:2)
  4 foxfires (Swamp:4)
15 creatures vanquished.

Grand Total: 1396 creatures vanquished

Notes
Turn   | Place    | Note
-------+----------+-------------------------------------------
     0 | D:5      | Implojin the Coglin Delver began the quest for the Orb.
     0 | D:5      | Reached XP level 1. HP: 18/18 MP: 1/1
     6 | D:5      | Found an iron altar of Okawaru.
    14 | D:5      | Became a worshipper of Warmaster Okawaru
    90 | D:4      | Reached skill level 2 in Short Blades
    90 | D:4      | Reached XP level 2. HP: 24/24 MP: 2/2
   111 | D:4      | Noticed a hornet
   179 | D:4      | Noticed an ogre
   191 | D:3      | Found a shimmering altar of Xom.
   231 | D:3      | Reached skill level 3 in Short Blades
   282 | D:3      | Reached XP level 3. HP: 29/29 MP: 3/3
   310 | D:3      | Noticed Jessica
   565 | D:2      | Identified the +9 dagger of the Reaper {elec, rPois rCorr
                  | Dex+2}
   906 | D:1      | Found Osein's Assorted Antiques.
   914 | D:1      | Reached XP level 4. HP: 33/35 MP: 4/4
  1163 | D:1      | Reached skill level 4 in Short Blades
  1436 | D:2      | Found a faded altar of an unknown god.
  1956 | D:3      | Killed Jessica
  1957 | D:3      | Reached XP level 5. HP: 24/41 MP: 5/5
  2442 | D:3      | Reached skill level 5 in Short Blades
  2590 | D:3      | Found a glowing golden altar of the Shining One.
  2664 | D:4      | Found a white marble altar of Elyvilon.
  2817 | D:4      | Killed a hornet
  2817 | D:4      | Reached * piety under Okawaru
  2817 | D:4      | Reached ** piety under Okawaru
  2818 | D:4      | Reached skill level 6 in Short Blades
  2818 | D:4      | Reached XP level 6. HP: 47/47 MP: 6/6
  2894 | D:4      | Reached XP level 7. HP: 52/52 MP: 7/7
  3072 | D:4      | Reached skill level 7 in Short Blades
  3380 | D:1      | Bought a glowing rapier for 168 gold pieces
  3402 | D:1      | Bought a scroll labelled UFO NAMACA for 24 gold pieces
  3402 | D:1      | Bought a scroll labelled HODOUM GEPH for 24 gold pieces
  3402 | D:1      | Bought a scroll labelled HODOUM GEPH for 24 gold pieces
  3547 | D:5      | Noticed gosagan's ghost (weakling HuDe)
  3548 | D:5      | Found a transporter.
  4249 | D:5      | Found an ancient bone altar of Kikubaaqudgha.
  4313 | D:5      | Found a transporter.
  4317 | D:5      | Reached skill level 8 in Short Blades
  4317 | D:5      | Reached skill level 1 in Invocations
  4317 | D:5      | Reached XP level 8. HP: 58/58 MP: 5/9
  4318 | D:5      | Killed gosagan's ghost
  4325 | D:5      | Identified the +6 whip of the Shrinking King {speed, rN+
                  | Str+3 Dex-5}
  4399 | D:6      | Reached *** piety under Okawaru
  4410 | D:6      | Found Qihaz's Tiny Tomes.
  4465 | D:6      | Found a staircase to the Ecumenical Temple.
  4547 | D:6      | Found a glowing drain.
  4557 | Sewer    | Entered a sewer
  4790 | D:6      | Noticed Maggie
  4797 | D:6      | Killed Maggie
  4797 | D:6      | Reached **** piety under Okawaru
  4798 | D:6      | Reached skill level 5 in Fighting
  4833 | D:6      | Found an opulent altar of Gozag.
  4943 | D:6      | Found a shadowy altar of Dithmenos.
  5038 | D:6      | Reached skill level 5 in Evocations
  5038 | D:6      | Reached XP level 9. HP: 67/68 MP: 11/11
  5386 | D:7      | Found a flagged portal.
  5404 | Bailey   | Entered a bailey
  5567 | Bailey   | Noticed an orc knight
  5653 | Bailey   | Killed an orc knight
  6067 | D:7      | Reached ***** piety under Okawaru
  6091 | D:7      | Reached XP level 10. HP: 58/80 MP: 12/12
  6206 | D:7      | Reached skill level 5 in Dodging
  6557 | D:8      | Identified the +7 quarterstaff "Vewenorilu" {flame, rC++
                  | SInv}
  6679 | D:8      | Found a staircase to the Lair.
  6996 | D:8      | Found a blossoming altar of Fedhas.
  7440 | D:8      | Found a glowing silver altar of Zin.
  7440 | D:8      | Noticed an angel
  7896 | D:9      | Received a gift from Okawaru
  7914 | D:9      | Noticed Prince Ribbit
  7919 | D:9      | Reached skill level 10 in Evocations
  7931 | D:9      | Killed Prince Ribbit
  8443 | D:9      | Reached skill level 9 in Short Blades
  8450 | D:9      | Reached XP level 11. HP: 62/86 MP: 13/13
  8656 | D:10     | Entered Level 10 of the Dungeon
  8821 | D:10     | Reached skill level 10 in Short Blades
  8839 | D:10     | Received a gift from Okawaru
  9182 | D:10     | Noticed Grum
  9188 | D:10     | Killed Grum
  9189 | D:10     | Noticed a two-headed ogre
  9197 | D:10     | Killed a two-headed ogre
  9198 | D:10     | Reached skill level 11 in Short Blades
  9231 | D:10     | Found a snail-covered altar of Cheibriados.
  9708 | D:10     | Found a bloodstained altar of Trog.
  9892 | D:10     | Found a burning altar of Makhleb.
 10166 | D:11     | Noticed a cyclops
 10175 | D:11     | Killed a cyclops
 10175 | D:11     | Received a gift from Okawaru
 10531 | D:12     | Reached skill level 12 in Short Blades
 10687 | D:12     | Noticed a manticore
 10700 | D:12     | Killed a manticore
 10700 | D:12     | Reached ****** piety under Okawaru
 10865 | D:12     | Acquired the +7 quick blade "Xurghydwesof" {heavy, rF+
                  | Will+ Str+3}
 10865 | D:12     | Received a gift from Okawaru
 10890 | D:12     | Acquired the scarf of Ytse {+Inv, MP+9 Str+2 Int-3 Dex+5}
 10890 | D:12     | Received a gift from Okawaru
 11009 | D:12     | Noticed a two-headed ogre
 11015 | D:12     | Killed a two-headed ogre
 11016 | D:12     | Reached XP level 12. HP: 83/91 MP: 14/14
 11191 | D:12     | Found a staircase to the Orcish Mines.
 11888 | D:12     | Identified the +0 hat of Foolhardiness {Will+ Int+2}
 12074 | D:13     | Noticed a boulder beetle
 12097 | D:13     | Found a gate to the Vaults.
 12097 | D:13     | Noticed an ironbound preserver
 12099 | D:13     | Received a gift from Okawaru
 12111 | D:13     | Killed an ironbound preserver
 12115 | D:13     | Reached skill level 10 in Dodging
 12115 | D:13     | Killed a boulder beetle
 12149 | D:13     | Noticed a centaur warrior
 12152 | D:13     | Killed a centaur warrior
 12161 | D:13     | Noticed a centaur warrior
 12170 | D:13     | Received a gift from Okawaru
 12180 | D:13     | Killed a centaur warrior
 12416 | D:13     | Noticed a centaur warrior
 12423 | D:13     | Killed a centaur warrior
 12645 | D:13     | Noticed a centaur warrior
 12654 | D:13     | Killed a centaur warrior
 12680 | D:13     | Noticed a centaur warrior
 12685 | D:13     | Killed a centaur warrior
 12685 | D:13     | Received a gift from Okawaru
 12686 | D:13     | Reached XP level 13. HP: 66/98 MP: 15/15
 13289 | D:14     | Found a runed translucent door.
 13292 | D:14     | Noticed Ucadoall's ghost (journeyman BaHu)
 13622 | D:14     | Found Piyngyw's Firing Range.
 13673 | D:14     | Received a gift from Okawaru
 13674 | D:14     | Reached skill level 1 in Throwing
 14311 | D:15     | Entered Level 15 of the Dungeon
 14336 | D:15     | Received a gift from Okawaru
 14349 | D:15     | Reached skill level 10 in Fighting
 14760 | D:15     | Reached skill level 5 in Stealth
 14765 | D:15     | Reached XP level 14. HP: 70/100 MP: 16/16
 14771 | D:15     | Received a gift from Okawaru
 14779 | D:15     | Acquired a dynamic compensator {rF+ rC+ Clar RMsl}
 15036 | D:15     | Received a gift from Okawaru
 15288 | D:15     | Reached skill level 1 in Armour
 15338 | D:15     | Noticed Rupert
 15345 | D:15     | Killed Rupert
 15495 | D:15     | Found a staircase to the Depths.
 15886 | D:15     | Noticed Roxanne
 15898 | D:15     | Killed Roxanne
 16119 | Lair:1   | Entered Level 1 of the Lair of Beasts
 16231 | Lair:1   | Reached skill level 5 in Armour
 16582 | Lair:1   | Received a gift from Okawaru
 17754 | Lair:2   | Noticed Nergalle
 17756 | Lair:2   | Killed Nergalle
 17792 | Lair:2   | Received a gift from Okawaru
 17862 | Lair:2   | Found a staircase to the Swamp.
 17990 | Lair:2   | Noticed Fannar
 18004 | Lair:2   | Killed Fannar
 18005 | Lair:2   | Reached XP level 15. HP: 83/115 MP: 17/17
 18010 | Lair:2   | Reached skill level 5 in Throwing
 18135 | Lair:2   | Noticed Amaemon
 18142 | Lair:2   | Killed Amaemon
 18825 | Lair:3   | Received a gift from Okawaru
 18935 | Lair:3   | Found a staircase to the Snake Pit.
 19076 | Lair:3   | Found a runed translucent door.
 19582 | Lair:4   | Received a gift from Okawaru
 19664 | Lair:4   | Identified the +3 leather armour of the Midnight Sun
                  | {^Contam Rampage Regen+ SInv}
 19975 | Lair:4   | Reached skill level 10 in Stealth
 20759 | Lair:5   | Entered Level 5 of the Lair of Beasts
 20759 | Lair:5   | Found a gate leading to a gauntlet.
 20767 | Lair:5   | Received a gift from Okawaru
 20848 | Gauntlet | Entered a Gauntlet
 20848 | Gauntlet | Found a transporter.
 20848 | Gauntlet | Found a transporter.
 20850 | Gauntlet | Found a transporter.
 20853 | Gauntlet | Found a transporter.
 20854 | Gauntlet | Found a transporter.
 20854 | Gauntlet | Found a transporter.
 20890 | Gauntlet | Found a transporter.
 20894 | Gauntlet | Found a transporter.
 20906 | Gauntlet | Found a transporter.
 20922 | Gauntlet | Found a transporter.
 20926 | Gauntlet | Found a transporter.
 20946 | Gauntlet | Found a transporter.
 20947 | Gauntlet | Found a runed translucent door.
 21025 | Gauntlet | Identified the ring of Tuelaa {rPois Will++ Int+4 Dex+6}
 21210 | Gauntlet | Identified the +5 pair of gloves "Janoc" {*Corrode rPois
                  | Regen+}
 21210 | Gauntlet | Identified the +7 mace of the Beast {flame, *Noise rPois
                  | rF++ rCorr}
 21462 | Lair:5   | Received a gift from Okawaru
 21491 | Lair:5   | Reached XP level 16. HP: 109/109 MP: 18/18
 21505 | Lair:5   | Found a viscous altar of Jiyva.
 21506 | Lair:5   | Found a staircase to the Slime Pits.
 21942 | Lair:5   | Reached XP level 17. HP: 128/128 MP: 19/19
 22054 | Lair:5   | Reached skill level 13 in Short Blades
 22067 | Lair:5   | Found a corrupted altar of Lugonu.
 22067 | Lair:5   | Found a one-way gate to the infinite horrors of the Abyss.
 22175 | Lair:5   | Received a gift from Okawaru
 22726 | Orc:1    | Entered Level 1 of the Orcish Mines
 22820 | Orc:2    | Entered Level 2 of the Orcish Mines
 22907 | Orc:2    | Found a staircase to the Elven Halls.
 22990 | Orc:2    | Found a roughly hewn altar of Beogh.
 22997 | Orc:2    | Reached skill level 14 in Short Blades
 23141 | Orc:2    | Found Qoyneuc's General Store.
 23155 | Orc:2    | Found Saheutoi's Antique Armour Shoppe.
 23455 | Orc:2    | Received a gift from Okawaru
 23530 | Orc:2    | Found Qemudy's Antique Weapon Shoppe.
 23550 | Orc:2    | Found Jararux's Book Shoppe.
 24002 | Orc:2    | Bought a glowing helmet for 210 gold pieces
 24048 | Orc:2    | Bought a potion of might for 40 gold pieces
 24048 | Orc:2    | Bought a scroll of blinking for 75 gold pieces
 24256 | Snake:1  | Entered Level 1 of the Snake Pit
 24921 | Snake:2  | Received a gift from Okawaru
 25073 | Snake:2  | Got the Precepts of Energy
 25320 | Snake:2  | Reached skill level 15 in Short Blades
 25483 | Snake:2  | Noticed Frances
 25494 | Snake:2  | Killed Frances
 25598 | Snake:2  | Identified the serpent talisman of Zoahoseg {Fly Int+3}
 25598 | Snake:2  | Noticed Aizul
 25606 | Snake:2  | Killed Aizul
 25607 | Snake:2  | Reached XP level 18. HP: 94/140 MP: 20/20
 25610 | Snake:2  | Received a gift from Okawaru
 26028 | Snake:3  | Found Coroab's Armour Boutique.
 26049 | Snake:3  | Reached skill level 16 in Short Blades
 26061 | Snake:3  | Bought a +1 pair of boots of rampaging for 280 gold pieces
 26861 | Snake:4  | Entered Level 4 of the Snake Pit
 27242 | Snake:4  | Reached skill level 17 in Short Blades
 27390 | Snake:4  | Received a gift from Okawaru
 27729 | Snake:4  | Reached skill level 5 in Invocations
 27898 | Snake:4  | Received a gift from Okawaru
 28038 | Arena    | Entered the Arena
 28454 | Snake:4  | Received a gift from Okawaru
 28518 | Snake:4  | Got a serpentine rune of Zot
 28816 | Snake:4  | Noticed Mlioglotl
 28819 | Snake:4  | Killed Mlioglotl
 28820 | Snake:4  | Reached XP level 19. HP: 146/146 MP: 25/25
 29029 | Swamp:1  | Entered Level 1 of the Swamp
 29122 | Swamp:1  | Noticed Donald
 29133 | Swamp:1  | Killed Donald
 30145 | Swamp:2  | Received a gift from Okawaru
 30759 | Swamp:4  | Entered Level 4 of the Swamp
 30956 | Swamp:4  | Reached skill level 10 in Throwing
 31087 | Swamp:4  | Received a gift from Okawaru
 31172 | Swamp:4  | Noticed a tentacled monstrosity
 31184 | Swamp:4  | Killed a tentacled monstrosity
 31250 | Arena    | Entered the Arena
 31373 | Swamp:4  | Noticed a tentacled monstrosity
 31393 | Swamp:4  | Killed a tentacled monstrosity
 31426 | Swamp:4  | Noticed a tentacled monstrosity
 31437 | Swamp:4  | Killed a tentacled monstrosity
 31437 | Swamp:4  | Received a gift from Okawaru
 31493 | Swamp:4  | Got a decaying rune of Zot
 31949 | Vaults:1 | Entered Level 1 of the Vaults
 31995 | Vaults:1 | Reached XP level 20. HP: 50/153 MP: 26/26
 32077 | Vaults:1 | Received a gift from Okawaru
 32321 | Vaults:1 | Reached skill level 18 in Short Blades
 32522 | Vaults:1 | Found Niedivvok's Book Boutique.
 33033 | Vaults:1 | Received a gift from Okawaru
 33747 | Vaults:2 | Found the +6 arbalest "Damnation" {damnation}
 33811 | Vaults:2 | Identified the orb of Existentialism {*channel, Stlth+}
 33811 | Vaults:2 | Noticed Frederick
 33817 | Vaults:2 | Killed Frederick
 34048 | Vaults:2 | Found Jattosm's Antique Weapon Shoppe.
 34054 | Vaults:2 | Bought a runed rapier for 231 gold pieces
 34160 | Vaults:2 | Identified the +0 chain mail of Theory {Will+ Dex+2 SInv
                  | Stlth+}
 34351 | Vaults:2 | You fall into a shaft and drop 2 floors!
 34444 | Vaults:3 | Reached skill level 15 in Fighting
 34839 | Vaults:2 | Noticed Saint Roka
 34869 | Vaults:2 | Killed Saint Roka
 34873 | Vaults:2 | Received a gift from Okawaru
 34976 | Vaults:2 | Reached XP level 21. HP: 132/168 MP: 27/27
 35560 | Vaults:3 | Found a staircase to the Crypt.
 35579 | Vaults:3 | Noticed Sojobo
 35668 | Vaults:3 | Killed Sojobo
 35668 | Vaults:3 | Received a gift from Okawaru
 35725 | Vaults:3 | Noticed Norris
 35943 | Vaults:3 | Identified the +1 robe of Abam Abb {rCorr Str+2 Int+3}
 35992 | Vaults:3 | Killed Norris
 36123 | Vaults:3 | Noticed Xtahua
 36140 | Vaults:3 | Killed Xtahua
 36141 | Vaults:3 | Reached skill level 15 in Dodging
 36690 | Vaults:3 | Received a gift from Okawaru
 37669 | Vaults:4 | Received a gift from Okawaru
 37689 | Arena    | Entered the Arena
 37786 | Vaults:4 | Identified the +1 leather armour of the Past {Str+6 Stlth+}
 37795 | Vaults:4 | Found a white marble altar of Elyvilon.
 37989 | Vaults:4 | Reached XP level 22. HP: 165/165 MP: 28/28
 38150 | Vaults:4 | Received a gift from Okawaru
 38243 | Vaults:4 | Reached skill level 10 in Armour
 38489 | Elf:1    | Entered Level 1 of the Elven Halls
 38500 | Elf:1    | Got the Precepts of Sciomancy and the Zephyr
 38530 | Elf:1    | Found a glacial archway.
 38553 | IceCv    | Entered an ice cave
 39760 | Elf:1    | Received a gift from Okawaru
 39958 | Elf:1    | Paralysed by an air elemental for 1 turns
 39969 | Elf:1    | Mangled by a +4 vampiric glaive

Illustrated notes

Levels and vault maps discovered:
D:1:      saegor_arrival_under_anarchy, layout_basic, serial_shops,
          nicolae_shop_waterfront, serial_curves, eino_curves_02, eino_curves_02
D:2:      minmay_door_path, layout_loops_ring,
          hellmonk_ecumenical_altar_blasted, lightli_corner_chamber
D:3:      layout_basic, tso_oasis_becter, mainiacjoe_overflow_chevrons,
          uniq_jessica
D:4:      layout_loops_cross, elyvilon_altar_3
D:5:      layout_basic, mainiacjoe_overflow_alcove_4, okawaru_trees_1,
          serial_corexii_hall, chequers_hall_statues_y,
          chequers_hall_statues_corner_a, corexii_hall_statues_u,
          chequers_hall_statues_corner_a, corexii_hall_statues_s,
          chequers_hall_statues_corner_a, gammafunk_ghost_smash
D:6:      layout_rooms, mainiacjoe_overflow_small_starburst,
          mainiacjoe_overflow_alcove_1, minmay_temple_entry_offerings,
          gup_sewer_entry_bubbles, nicolae_shop_i_like_small_books_too,
          minmay_splitting_lines, minmay_fountain_box, uniq_maggie
D:7:      layout_cave_pools, serial_park, serial_park_square1
          [serial_park_minivault_5x5_3], serial_park_paths
          [serial_park_minivault_5x5_2], serial_park_tiny_1, serial_park_square1
          [serial_park_minivault_5x5_2], enter_bailey_5
D:8:      layout_loops_ring, fedhas_altar_decomposition, zin_angel,
          david_lair_shrubbed
D:9:      layout_roguey [special_room_orc], uniq_prince_ribbit1
D:10:     layout_basic, trog_book, lemuel_round_altar, lightli_temple_of_fire,
          grunt_ogre_cave, grunt_ministairs_10, uniq_grum
D:11:     layout_roguey
D:12:     layout_roguey, kennysheep_orc_monster_closet_entryway, minivault_19,
          the_hattery
D:13:     layout_roguey, skrybe_vaults_entry_preservation
D:14:     layout_roguey, chequers_serial_rivers_micro_a,
          ebering_ghost_reflecting_pool, minmay_strange_pillars,
          nicolae_shop_firing_range
D:15:     hangedman_depths_entry_civil_slaughter, layout_cave_pods,
          minmay_misc_feat_more_columns, uniq_roxanne, uniq_rupert
Lair:1:   beast_lair_carwin_large_2, layout_loops_ring, serial_rivers,
          chequers_serial_rivers_micro_c, chequers_serial_rivers_micro_c,
          chequers_serial_rivers_large_a, chequers_serial_rivers_room_b,
          chequers_serial_rivers_micro_b, chequers_serial_rivers_room_b,
          minmay_holes
Lair:2:   layout_chaotic_city, nicolae_swamp_entry_splash_gauntlet,
          serial_rivers, chequers_serial_rivers_small_3,
          chequers_serial_rivers_small_3, chequers_serial_rivers_micro_c,
          chequers_serial_rivers_micro_a, chequers_serial_rivers_room_b,
          minivault_27, dreamdust_mushroom_princess, serial_bayou_lagoon_a,
          uniq_nergalle, uniq_fannar, uniq_amaemon
Lair:3:   dreamdust_labyrinth, layout_chaotic_city, dummy_snake_entry
Lair:4:   layout_regular_city, st_stairs_5, serial_bayou_shore_b,
          grunt_megastairs_5, serial_bayou_shore_a
Lair:5:   hellmonk_lair_end_abyssal_woods, layout_big_grid, slime_entry_1,
          gauntlet_entry_generic
Swamp:1:  layout_basic_swamp, evilmike_swamp_ruin_house_2, uniq_donald
Swamp:2:  layout_basic_swamp, evilmike_swamp_ruin_house_5,
          infiniplex_staircase_pool_2
Swamp:3:  layout_basic_swamp, evilmike_swamp_ruin_house_1, swamp_pool_4,
          statue_in_the_mist_lemuel
Swamp:4:  nzn_swamp_witches_coven, layout_basic_swamp,
          nicolae_swamp_tree_isthmus
Snake:1:  layout_onion_interference
Snake:2:  layout_misc_corridors, nicolae_snake_gridmaze_squiggle, uniq_aizul,
          uniq_frances
Snake:3:  layout_cave_pods, serial_shops, nicolae_shop_hallway_plus,
          grunt_megastairs_2
Snake:4:  johnstein_snake_rune_scales, layout_chambers, grunt_megastairs_1,
          uniq_mlioglotl
Orc:1:    layout_diamond_mine
Orc:2:    grunt_orc_cross, layout_diamond_mine
Elf:1:    eino_elf_arrival_shootout, layout_gridlike,
          portal_ice_cave_entry_ice_simulacra, evilmike_minifort
Vaults:1: v_misc_13, st_lines, vaults_room_stairs_pillars,
          hangedman_vaults_corner_blocks, layout_vaults_chaotic_city,
          serial_shops, nicolae_shop_competitors_out_of_business
Vaults:2: nicolae_vaults_apartment_1, nicolae_vaults_closet_pinwheel_2,
          v_misc_24, nicolae_vaults_ninety_degrees,
          nicolae_vaults_yaktaur_gun_rack, hangedman_vaults_river_flow,
          v_rooms_6, nicolae_vaults_shipping_containers_3, v_misc_13,
          nicolae_vaults_rhombus_5, grunt_vaults_trifunnel,
          layout_vaults_omnicross, serial_shops, shop, uniq_saint_roka,
          uniq_frederick
Vaults:3: nicolae_vaults_turnstiles, v_misc_29, v_alt_pattern_6,
          minmay_crypt_entry_simple_box, vaults_room_octagon,
          hangedman_vaults_impose, vaults_room_large_hall,
          nicolae_vaults_bisected_exclaves, vaults_standard_mumra_lines,
          nicolae_vaults_closet_pinwheel_6, nicolae_vaults_variable_pillar_hall,
          nicolae_vaults_trapezoid_lopsided_3, layout_vaults_omnibox,
          uniq_sojobo, uniq_norris, uniq_xtahua
Vaults:4: v_misc_3, nicolae_vaults_halls_meeting,
          nicolae_vaults_network_quinsquares
          [nicolae_vaults_network_quincunx_subvault,
          nicolae_vaults_network_quincunx_subvault,
          nicolae_vaults_network_quincunx_subvault,
          nicolae_vaults_network_quincunx_subvault],
          ontoclasm_vaults_ring_large, v_pattern_1, vaults_room_ringed_pool,
          nicolae_vaults_little_ls, nicolae_vaults_diagonal_hallway_7,
          nicolae_vaults_sightless_eye, lemuel_angel_altar,
          nicolae_vaults_diagonal_hallway_9, hangedman_vaults_hat,
          dpeg_vaults_monster_box, nicolae_vaults_tangram_2,
          vaults_room_semicircle, layout_vaults_maze_bifur

Skill      XL: |  1  2  3  4  5  6  7  8  9 10 11 12 13 14 15 16 17 18 19 20 21 22 |
---------------+-------------------------------------------------------------------+-----
Short Blades   | 2 3 4 6 8 9 12 15 17 18 | 18.0
Invocations    | 1 3 8 9 |  9.0
Evocations     | 5 6 10 13 | 13.0
Fighting       | 5 8 10 12 15 | 15.0
Dodging        | 4 6 7 12 13 17 | 17.0
Throwing       | 4 7 12 | 12.0
Stealth        | 5 8 12 | 12.6
Armour         | 8 11 | 11.8

Action                     |  1- 3 |  4- 6 |  7- 9 | 10-12 | 13-15 | 16-18 | 19-21 | 22-24 || total
---------------------------+-------+-------+-------+-------+-------+-------+-------+-------++-------
  Melee: Short sword       |    62 |       |       |       |       |       |       |       ||    62
         Dagger            |    39 |   107 |   137 |   301 |   432 |   644 |  1188 |   208 ||  3056
         Rapier            |       |       |   113 |   222 |       |       |       |       ||   335
         Quick blade       |       |       |       |   162 |   857 |  1266 |  2238 |   405 ||  4928
  Throw: Stone             |     1 |       |       |       |       |       |       |       ||     1
         Dart              |       |     2 |       |     5 |    18 |     6 |     6 |     1 ||    38
         Throwing net      |       |       |       |       |       |     2 |       |       ||     2
         Boomerang         |       |       |       |       |       |     1 |     6 |       ||     7
 Invoke: Heroism           |       |       |     1 |       |       |       |       |       ||     1
         Receive Weapon    |       |       |       |     1 |       |       |       |       ||     1
         Receive Armour    |       |       |       |     1 |       |       |       |       ||     1
         Finesse           |       |       |       |       |     1 |     1 |     2 |       ||     4
         Duel              |       |       |       |       |       |     1 |     2 |       ||     3
Ability: Evoke Invisibilit |       |       |       |     4 |    16 |     3 |     4 |     1 ||    28
         Invent Gizmo      |       |       |       |       |     1 |       |       |       ||     1
  Evoke: Wand              |       |     2 |    15 |    22 |     7 |    12 |     9 |     2 ||    69
    Use: Scroll            |     2 |       |     9 |     2 |    13 |    11 |    10 |     1 ||    48
         Potion            |     1 |       |     1 |       |     6 |     4 |    12 |     1 ||    25
   Stab: Sleeping          |    12 |     5 |    14 |    17 |    23 |    48 |    51 |    23 ||   193
         Invisible         |       |     1 |     4 |    20 |   102 |    42 |    30 |    11 ||   210
         Distracted        |       |       |     1 |     1 |       |     5 |     2 |     2 ||    11
         Paralysed         |       |       |       |     6 |       |     1 |     1 |       ||     8
         Held in net/web   |       |       |       |       |       |     2 |       |       ||     2
 Armour: Leather armour    |    12 |       |       |       |       |   213 |   605 |    76 ||   906
         Ring mail         |     9 |    26 |    31 |       |       |       |       |       ||    66
         Steam dragon scal |       |       |    47 |   132 |   170 |    98 |       |       ||   447
  Dodge: Dodged            |    25 |    30 |    63 |   263 |   433 |   594 |  1166 |   217 ||  2791
         Repelled          |       |       |       |       |     3 |    74 |    52 |    12 ||   141

Table legend: (Time is in decaauts)
 A = Elapsed time spent in this place.
 B = Non-inter-level travel time spent in this place.
 C = Inter-level travel time spent in this place.
 D = Time resting spent in this place.
 E = Time spent auto-exploring this place.
 F = Levels seen in this place.
 G = Mean time per level.
                   A        B        C        D        E       F      G
               +--------+--------+--------+--------+--------+-----+--------+
         Total |  39106 |  36226 |   2880 |   1970 |  23170 |  42 |  931.1 |
       Dungeon |  15789 |  14319 |   1470 |    988 |   9755 |  15 | 1052.6 |
          Lair |   6219 |   5777 |    442 |     49 |   4211 |   5 | 1243.8 |
         Swamp |   2866 |   2704 |    162 |     92 |   1641 |   4 |  716.5 |
     Snake Pit |   4328 |   4109 |    219 |    314 |   2416 |   4 | 1082.0 |
  Orcish Mines |   1347 |   1060 |    287 |     26 |    740 |   2 |  673.5 |
   Elven Halls |    418 |    418 |      0 |      0 |    208 |   1 |  418.0 |
        Vaults |   5945 |   5648 |    297 |     60 |   3623 |   4 | 1486.2 |
         Sewer |    190 |    190 |      0 |     27 |     64 |   1 |  190.0 |
        Bailey |    518 |    518 |      0 |    174 |     55 |   1 |  518.0 |
      Ice Cave |    999 |    999 |      0 |    178 |    399 |   1 |  999.0 |
      Gauntlet |    439 |    439 |      0 |     61 |     55 |   1 |  439.0 |
         Arena |     42 |     42 |      0 |      0 |      0 |   3 |   14.0 |
               +--------+--------+--------+--------+--------+-----+--------+

Top non-repeatable levels by time:
 Snake:4: 1865 daAuts
Vaults:3: 1746 daAuts
Vaults:1: 1572 daAuts
    D:12: 1562 daAuts
Vaults:2: 1416 daAuts
    D:14: 1412 daAuts
    D:15: 1382 daAuts
    D:10: 1346 daAuts
  Lair:4: 1335 daAuts
    D:13: 1330 daAuts
  Lair:1: 1302 daAuts
  Lair:2: 1255 daAuts
Vaults:4: 1209 daAuts
  Lair:5: 1187 daAuts
     D:9: 1186 daAuts
